 Dungeon Crawl Stone Soup version 0.28-a0-1190-g77e1c55843 (webtiles) character file.

Game seed: 7519771217274616879

33 fauxio the Grave Robber (level 3, 0/24 HPs)
             Began as a Vampire Necromancer on Dec 19, 2021.
             Slain by a quokka (4 damage)
             ... on level 2 of the Dungeon.
             The game lasted 00:16:06 (1340 turns).

fauxio the Grave Robber (Vampire Necromancer)       Turns: 1340, Time: 00:16:16

Health: 0/24       AC:  2    Str:  9    XL:     3   Next: 12%
Magic:  5/6        EV: 12    Int: 17    God:
Gold:   35         SH:  0    Dex: 14    Spells: 5/6 levels left

rFire   . . .      SeeInvis +   b - +0 dagger (speed)
rCold   . . .      Faith    .   (no shield)
rNeg    . . .      Spirit   .   a - +0 robe
rPois   .          Reflect  .   (no helmet)
rElec   .          Harm     .   (no cloak)
rCorr   .          Rampage  .   (no gloves)
Will    .....                   (no boots)
Stlth   ++........              (no amulet)
HPRegen 0.28/turn               (no ring)
MPRegen 0.10/turn               (no ring)

@: very slightly contaminated, healing quickly
A: alive, fangs 3, see invisible, vampiric 2
a: Exsanguinate


You were on level 2 of the Dungeon.
You visited 1 branch of the dungeon, and saw 2 of its levels.

You collected 35 gold pieces.

Inventory:

Hand Weapons
 b - a +0 dagger of speed (weapon)
Missiles
 f - 2 javelins
Armour
 a - a +0 robe (worn)
Scrolls
 c - 2 scrolls of teleportation
Potions
 d - a potion of mutation {unknown}
 e - a potion of curing {unknown}


   Skills:
 + Level 0.4 Short Blades
 + Level 2.4 Dodging
 + Level 3.2 Stealth
 + Level 0.3 Unarmed Combat
 + Level 2.0 Spellcasting
 + Level 5.2 Necromancy


You had 5 spell levels left.
You knew the following spells:

 Your Spells              Type           Power      Damage    Failure   Level
a - Pain                  Necr           76%        1d7       2%          1

Your spell library contained the following spells:

 Spells                   Type           Power      Damage    Failure   Level
 Animate Skeleton         Necr           38%        N/A       2%          1
 Vampiric Draining        Necr           19%        2d7       7%          3
 Animate Dead             Necr           9%         N/A       22%         4
 Agony                    Necr           19%        N/A       54%         5


Dungeon Overview and Level Annotations

Branches:
Dungeon (2/15)

Altars:

Shops:
D:1 !


Innate Abilities, Weirdness & Mutations

Your natural rate of healing is accelerated.
You have razor-sharp teeth.
You have supernaturally acute eyesight. (SInv)
You are afflicted with vampirism and can become a bat while bloodless.


Message History

The quokka is severely wounded.
The quokka closely misses you.
You hit the quokka but do no damage.
The quokka is severely wounded.
You closely miss the quokka.
The quokka is severely wounded.
The quokka bites you.
You hit the quokka but do no damage. Your bite misses the quokka.
The quokka is severely wounded.
The quokka bites you.
You barely miss the quokka. Your bite misses the quokka.
The quokka is severely wounded.
You miss the quokka.
The quokka is severely wounded.
The quokka closely misses you.
You barely miss the quokka.
The quokka is severely wounded.
The quokka bites you but does no damage.
You barely miss the quokka.
The quokka is severely wounded.
The quokka bites you.
You miss the quokka. Your bite misses the quokka.
The quokka is severely wounded.
You hit the quokka but do no damage. You bite the quokka.
The quokka is almost dead.
The quokka bites you.
You closely miss the quokka.
The quokka is almost dead.
The quokka twitches its whiskers.
The quokka bites you.
* * * LOW HITPOINT WARNING * * *
Casting: Pain (safe; 2% risk of failure)
Confirm with . or Enter, or press ? or * to list all spells.
Aiming: Pain (safe; 2% risk of failure)
Press: ? - help, Shift-Dir - straight line, f - quokka
Aim: a quokka (almost dead, chance to affect: 89%)
You miscast Pain.
You are very lightly contaminated with residual magic.
Nothing appears to happen.
The quokka bites you.
You die...

####### #.....###
###.#(....#########
.....#.#..........
##)###.###########
####.###.....# #
#.....r@######
##### #.##.##.#
##########.... #.#
#...........## ...
#.......##..## #..
#.......##....
#..##........#....
...##............#
#####.............
#......<####.#


You could see a quokka.

Vanquished Creatures
  A dart slug (D:1)
  6 bats (D:1)
  4 endoplasms (D:1)
  A giant cockroach (D:1)
  3 goblins (D:1)
  3 hobgoblins (D:1)
  A quokka (D:1)
  A ball python (D:1)
  6 kobolds (D:1)
  3 rats (D:1)
29 creatures vanquished.

Notes
Turn   | Place    | Note
-------+----------+-------------------------------------------
     0 | D:1      | fauxio the Vampire Necromancer began the quest for the Orb.
     0 | D:1      | Reached XP level 1. HP: 13/13 MP: 3/3
   158 | D:1      | Reached XP level 2. HP: 18/19 MP: 5/5
   182 | D:1      | Found Rissui's Distillery.
   399 | D:1      | Reached skill level 5 in Necromancy
   917 | D:1      | Gained mutation: You are afflicted with vampirism and can
                  | become a bat while bloodless. [Vampire growth]
   917 | D:1      | Reached XP level 3. HP: 24/24 MP: 6/6
  1340 | D:2      | Slain by a quokka

Illustrated notes

Levels and vault maps discovered:
D:1:      tarquinn_simple_flora_water_b, layout_loops_ring, serial_shops,
          nicolae_lakefront_shop, roderic_serpentine_path
D:2:      layout_loops_cross

Skill      XL: |  1  2 |
---------------+-------+-----
Necromancy     | 5 |  5.2
Short Blades   | |  0.4
Dodging        | |  2.4
Stealth        | |  3.2
Unarmed Combat | |  0.3
Spellcasting   | |  2.0

Action                   || total
-------------------------++-------
Melee: Unarmed           ||    30
       Dagger            ||   130
       Bite              ||    12
 Cast: Pain              ||     4
  Use: Scroll            ||     1
 Stab: Sleeping          ||    10
Armor: Robe              ||    33
Dodge: Dodged            ||    79

Table legend: (Time is in decaauts)
 A = Elapsed time spent in this place.
 B = Non-inter-level travel time spent in this place.
 C = Inter-level travel time spent in this place.
 D = Time resting spent in this place.
 E = Time spent auto-exploring this place.
 F = Levels seen in this place.
 G = Mean time per level.
                   A        B        C        D        E       F      G
               +--------+--------+--------+--------+--------+-----+--------+
         Total |   1295 |    361 |    934 |      0 |      0 |   2 |  647.5 |
       Dungeon |   1295 |    361 |    934 |      0 |      0 |   2 |  647.5 |
               +--------+--------+--------+--------+--------+-----+--------+

Top non-repeatable levels by time:
     D:1: 1250 daAuts
     D:2: 44 daAuts
